 Dungeon Crawl Stone Soup version 0.17-a0-1202-g2dd280d (webtiles) character file.

12394 Geomchi the Martial Artist (level 11, -7/81 HPs)
             Began as an Octopode Monk on June 3, 2015.
             Was a High Priest of Ru.
             Killed from afar by a hell hound (23 damage)
             ... with a blast of flame
             ... led by Azrael
             ... on level 12 of the Dungeon.
             The game lasted 00:32:14 (13663 turns).

Geomchi the Martial Artist (Octopode Monk)         Turns: 13663, Time: 00:32:14

Health: -7/81      AC:  1    Str: 11    XL:     11   Next: 92%
Magic:  11/11      EV: 20    Int: 13    God:    Ru [*****.]
Gold:   797        SH:  8    Dex: 19    Spells: 0 memorised, 10 levels left

rFire  . . .     SeeInvis .       - Unarmed
rCold  . . .     Clarity  .     D - +2 buckler {reflect}
rNeg   . . .     SustAt   .     (helmet restricted)
rPois  .         Gourm    .     s - amulet of regeneration
rElec  .         Spirit   .     g - +2 ring of dexterity
rCorr  .         Warding  .     (no ring)
rMut   .         Stasis   .     (no ring)
MR     .....                    (no ring)
Stlth  ..........               (no ring)
                                (no ring)
                                (no ring)
                                (no ring)

@: no scrolls, not resistant to hostile enchantments, extremely unstealthy
A: almost no armour, amphibious, 8 rings, constrict 8, camouflage 1, gelatinous
body 1, inability to read while threatened, no stealth, inability to use
devices, no hexes magic, no poison magic, no translocations magic
a: Draw Out Power, Power Leap, Apocalypse, Renounce Religion


You were on level 12 of the Dungeon.
You worshipped Ru.
Ru was extremely pleased with you.
You were not hungry.

You visited 3 branches of the dungeon, and saw 14 of its levels.

You collected 965 gold pieces.
You spent 168 gold pieces at shops.

Inventory:

Armour
 D - a +2 buckler of reflection (worn)
Jewellery
 g - a +2 ring of dexterity (left tentacle)
 s - an amulet of regeneration (around mantle)
 t - the amulet of the Fiend {Stasis rC++ Str+3}
   (You found it on level 4 of the Dungeon)

   [amulet of stasis]

   It prevents you from being teleported, slowed, hasted or paralysed.
   It affects your strength (+3).
   It greatly protects you from cold.
 w - an uncursed amulet of guardian spirit {unknown}
 y - an uncursed amulet of resist mutation {unknown}
Magical devices
 j - a wand of polymorph (7)
Scrolls
 b - 3 scrolls of fog
 e - 3 scrolls of noise
 f - 4 scrolls of fear
 h - 2 scrolls of blinking {unknown}
 k - a scroll of immolation {unknown}
 o - 3 scrolls of teleportation
 u - 6 scrolls of remove curse
 x - a scroll of amnesia {unknown}
 C - a scroll of enchant armour {unknown}
 E - a scroll of enchant weapon {unknown}
 J - a scroll of vulnerability {unknown}
 K - a scroll of identify
Potions
 c - a potion of agility
 d - a potion of brilliance
 n - a potion of might {unknown}
 q - 6 potions of curing
 r - 2 potions of haste {unknown}
 A - a potion of magic {unknown}
 F - a potion of invisibility {unknown}
 G - 2 potions of ambrosia {unknown}
 I - 2 potions of heal wounds
Books
 l - a book of Transfigurations

   Spells                             Type                      Level
   a - Stoneskin                      Transmutation/Earth          2
   b - Irradiate                      Conjuration/Transmutation    5
   c - Statue Form                    Transmutation/Earth          6
   d - Hydra Form                     Transmutation                6
   e - Dragon Form                    Transmutation                7
 B - a book of Alchemy

   Spells                             Type                      Level
   a - Sublimation of Blood           Necromancy                   2
   b - Ignite Poison                  Fire/Transmutation/Poison    3
   c - Alistair's Intoxication        Transmutation/Poison         4
   d - Condensation Shield            Ice                          4
   e - Petrify                        Transmutation/Earth          4
   f - Irradiate                      Conjuration/Transmutation    5
Comestibles
 a - 5 bread rations {@e1}
 i - 37 fruits
 m - 2 meat rations {@e2}
 p - 2 royal jellies
 v - 3 slices of pizza
 z - 2 beef jerkies
 H - 2 chunks of flesh {@w0}


   Skills:
 + Level 9.7 Fighting
 - Level 10.0 Dodging
 - Level 5.0 Shields
 + Level 12.6 Unarmed Combat


You had 10 spell levels left.
You didn't know any spells.

Dungeon Overview and Level Annotations

Branches:
Dungeon (12/15)            Temple (1/1) D:7            Lair (1/8) D:8
    Orc (0/4) D:11

Altars:
Ashenzari
Elyvilon
Fedhas
Gozag
Kikubaaqudgha
Nemelex Xobeh
Ru
Sif Muna
Vehumet
Zin
The Shining One

Shops:
D:5 (%[=(   D:9 *

Annotations:
D:12 Azrael


Innate Abilities, Weirdness & Mutations

You cannot wear most types of armour.
You are amphibious.
You can wear up to eight rings at the same time.
You can use your tentacles to constrict eight enemies at once.
Your skin changes colour to match your surroundings (Stealth).
Your rubbery body absorbs attacks (AC +1).
You cannot read scrolls while threatened.
You cannot be stealthy.
You cannot study or use magical devices.
You cannot study or cast Hexes magic.
You cannot study or cast Poison magic.
You cannot study or cast Translocations magic.


Message History

You bludgeon the hell hound! You grab the hell hound.
You constrict the hell hound, but do no damage.
The hell hound breathes flames at you.
The blast of flame hits the hell hound.
The hell hound completely resists.
The blast of flame hits you! You block the hell hound's attack.
You take 15 damage, and have 35/81 hp.
You tentacle-slap the hell hound.
You constrict the hell hound, but do no damage.
The hell hound closely misses you. The hell hound breathes flames at you.
The blast of flame hits you!
* * * LOW HITPOINT WARNING * * *
You take 20 damage, and have 15/81 hp.
MASSIVE DAMAGE!!
You release your grip on the hell hound.
The hell hound breathes flames at you.
The blast of flame hits the hell hound.
The hell hound completely resists.
The blast of flame misses you. The hell hound breathes flames at you.
The blast of flame hits you!
You die...

.#. .#. .. #. .
##.## . ..
#...####... ...
#..<..........
#....###....
####@####.#####
#.†..hhR§§§..#
#.#.##E#.###§#
#.#.##.# # #
#..... ####.##
#.# ..# ###


You could see Azrael, a fire elemental and 2 hell hounds.

Vanquished Creatures
  The ghost of Garrluk the Arsonist, a powerful OpFE of Vehumet (D:11)
  Erica (D:8)
  Erolcha (D:10)
  Pikel (D:8)
  The ghost of Garrluk the Carver, an experienced FoFi (D:8)
  Joseph (D:8)
  The ghost of Quirk the Skirmisher, an experienced GrFi of Dithmenos (D:6)
  2 trolls
  The ghost of Garrluk the Slasher, an average FoFi (D:3)
  4 water moccasins
  A wyvern (D:10)
  A deep elf mage (D:10)
  3 hungry ghosts
  A basilisk (D:11)
  A steam dragon (D:6)
  A hippogriff (D:10)
  5 yaks
  5 sky beasts
  6 orc warriors
  Duvessa (D:7)
  A hell hound (D:12)
  An eye of draining (D:10)
  2 slaves (D:8)
  2 phantoms
  A black bear (D:11)
  A necrophage (D:10)
  5 ogres
  9 giant frogs
  A centaur (D:6)
  3 big kobolds
  A wyvern zombie (D:7)
  9 killer bees
  Dowan (D:7)
  6 scorpions
  4 wights (D:8)
  A jelly (D:9)
  A quasit (D:7)
  A spectral centaur (D:9)
  2 crimson imps
  5 giant frog skeletons
  7 worker ants
  16 orc wizards
  8 orc priests
  6 hounds
  6 centaur skeletons
  A giant frog zombie (D:11)
  5 iguanas
  2 hound skeletons
  A worker ant zombie (D:11)
  7 adders
  3 shadow imps
  An ooze (D:1)
  3 adder skeletons
  3 worms
  4 giant geckos
  74 orcs
  22 bats
  A bat skeleton (D:5)
  2 bat zombies
  4 giant cockroaches
  13 goblins
  20 hobgoblins
  8 jackals
  5 quokkas
  A giant gecko skeleton (D:6)
  3 giant newts
  20 kobolds
  A quokka skeleton (D:6)
  18 rats
361 creatures vanquished.

Vanquished Creatures (others)
  2 slaves (D:8)
  A giant frog zombie (D:6)
  An orc (D:9)
  A rat (D:10)
5 creatures vanquished.

Grand Total: 366 creatures vanquished

Notes
Turn   | Place    | Note
--------------------------------------------------------------
     0 | D:1      | Geomchi the Octopode Monk began the quest for the Orb.
     0 | D:1      | Reached XP level 1. HP: 16/16 MP: 1/1
    38 | D:1      | Reached XP level 2. HP: 18/21 MP: 2/2
   609 | D:1      | Reached XP level 3. HP: 17/26 MP: 3/3
  1088 | D:1      | Reached skill level 5 in Unarmed Combat
  1440 | D:2      | Found a sacrificial altar of Ru.
  1598 | D:2      | Became a worshipper of Ru the Awakened
  1620 | D:2      | Gained mutation: You cannot study or cast Poison magic. [Ru sacrifice]
  1620 | D:2      | Gained mutation: You cannot study or cast Hexes magic. [Ru sacrifice]
  1620 | D:2      | Gained mutation: You cannot study or cast Translocations magic. [Ru sacrifice]
  1620 | D:2      | Acquired Ru's first power
  1758 | D:2      | Found a white marble altar of Elyvilon.
  1763 | D:2      | Found a deep blue altar of Sif Muna.
  1905 | D:2      | Found a sparkling altar of Nemelex Xobeh.
  1907 | D:2      | Found a blossoming altar of Fedhas.
  1926 | D:2      | Found a glowing golden altar of the Shining One.
  2189 | D:3      | Noticed Garrluk's ghost (average FoFi)
  2522 | D:3      | Reached XP level 4. HP: 5/31 MP: 4/4
  2527 | D:3      | Reached skill level 6 in Unarmed Combat
  2527 | D:3      | Reached XP level 5. HP: 5/36 MP: 5/5
  3602 | D:4      | Reached XP level 6. HP: 15/42 MP: 6/6
  3838 | D:4      | Found an opulent altar of Gozag.
  3918 | D:4      | Got a faintly glowing platinum amulet
  3968 | D:5      | Entered Level 5 of the Dungeon
  3997 | D:5      | Reached skill level 7 in Unarmed Combat
  4209 | D:5      | Reached XP level 7. HP: 39/46 MP: 7/7
  4309 | D:5      | Found Lyirum's Armour Emporium.
  4359 | D:4      | Identified the amulet of the Fiend {Stasis rC++ Str+3} (You found it on level 4 of the Dungeon)
  4409 | D:5      | Reached skill level 5 in Dodging
  4481 | D:5      | Gained mutation: You cannot study or use magical devices. [Ru sacrifice]
  4481 | D:5      | Acquired Ru's second power
  4481 | D:5      | Acquired Ru's third power
  4481 | D:5      | Acquired Ru's fourth power
  4591 | D:5      | Found Neskot's Weapon Shop.
  4845 | D:5      | Found Ycritoal's Jewellery Emporium.
  4864 | D:5      | Found Plog's Weapon Boutique.
  4950 | D:5      | Reached skill level 8 in Unarmed Combat
  4977 | D:5      | Found Jucoby's Food Shop.
  5127 | D:3      | Killed Garrluk's ghost
  5127 | D:3      | Reached XP level 8. HP: 29/52 MP: 2/8
  5293 | D:3      | Noticed an angel
  5294 | D:3      | Found a glowing silver altar of Zin.
  6071 | D:6      | Reached skill level 9 in Unarmed Combat
  6493 | D:6      | Reached XP level 9. HP: 44/59 MP: 9/9
  6708 | D:6      | Reached skill level 5 in Fighting
  6760 | D:6      | Noticed Quirk's ghost (experienced GrFi)
  6776 | D:6      | Killed Quirk's ghost
  7311 | D:7      | Noticed Duvessa
  7311 | D:7      | Noticed Dowan
  7315 | D:7      | Killed Dowan
  7320 | D:7      | Killed Duvessa
  7436 | D:7      | Found a staircase to the Ecumenical Temple.
  7492 | Temple   | Entered the Ecumenical Temple
  7958 | D:7      | Found an opulent altar of Gozag.
  8116 | D:8      | Noticed Erica
  8231 | D:8      | Killed Erica
  8231 | D:8      | Reached skill level 10 in Unarmed Combat
  8231 | D:8      | Reached XP level 10. HP: 56/72 MP: 4/10
  8347 | D:8      | Reached skill level 1 in Shields
  8574 | D:8      | Noticed Pikel
  8585 | D:8      | Killed Pikel
  8647 | D:8      | Found a staircase to the Lair.
  8703 | D:8      | Noticed Joseph
  8716 | D:8      | Killed Joseph
  9241 | D:8      | Noticed Garrluk's ghost (experienced FoFi)
  9286 | D:8      | Killed Garrluk's ghost
  9630 | Lair:1   | Entered Level 1 of the Lair of Beasts
  9685 | D:9      | Found Foravadi's General Store.
  9698 | D:9      | Reached skill level 5 in Shields
  9718 | D:9      | Bought a scroll of identify for 28 gold pieces
  9718 | D:9      | Bought a scroll of identify for 28 gold pieces
  9718 | D:9      | Bought a potion of heal wounds for 70 gold pieces
  9718 | D:9      | Bought a scroll of remove curse for 42 gold pieces
  9929 | D:9      | Reached skill level 11 in Unarmed Combat
 10100 | D:9      | Reached XP level 11. HP: 77/77 MP: 7/11
 10703 | D:10     | Entered Level 10 of the Dungeon
 11024 | D:10     | Gained mutation: You cannot read scrolls while threatened. [Ru sacrifice]
 11024 | D:10     | Acquired Ru's fifth power
 11458 | D:10     | Reached skill level 10 in Dodging
 11782 | D:10     | Noticed Erolcha
 11790 | D:10     | Killed Erolcha
 12401 | D:11     | Reached skill level 12 in Unarmed Combat
 12726 | D:11     | Found a staircase to the Orcish Mines.
 12900 | D:11     | Gained mutation: You cannot be stealthy. [Ru sacrifice]
 13285 | D:11     | Noticed Garrluk's ghost (powerful OpFE)
 13300 | D:11     | Killed Garrluk's ghost
 13655 | D:12     | Noticed Azrael
 13663 | D:12     | Killed from afar by a hell hound

Vault maps used:
D:1:      dpeg_arrival_tiny_a, minmay_stone_trees_small, serial_bayou_pond_c
D:2:      minmay_overflow_temple_star_hex, nicolae_ru_awakened_eye
D:3:      zin_angel, first_bread
D:4:      grunt_gozag_breadcrumbs
D:5:      serial_shops, shop_fountains, nicolae_shop_window_shopping,
          nicolae_shop_stone, shop, nicolae_shop_behind_doors
D:7:      minmay_temple_entry_hall, basic_altar, uniq_duvessa
D:8:      due_lair_maze_entry_diamond, blue_anna_alchemist, uniq_erica,
          uniq_joseph, uniq_pikel
D:9:      serial_shops, shop, hangedman_weighted_door, nicolae_wwwww
D:10:     uniq_erolcha
D:11:     hiddenorc2_lemuel
D:12:     serial_shops, nicolae_shop_trees, uniq_maud, uniq_azrael
Temple:   triangle_lava_temple_12
Lair:1:   beast_lair_carwin_4

Action                   |  1- 3 |  4- 6 |  7- 9 | 10-12 || total
-------------------------+-------+-------+-------+-------++-------
Melee: Unarmed           |    90 |   103 |   301 |   486 ||   980
Invok: Sacrifice Arcana  |     1 |       |       |       ||     1
       Power Leap        |       |       |     4 |     8 ||    12
       Sacrifice Artific |       |       |     1 |       ||     1
       Reject Sacrifices |       |       |     1 |       ||     1
       Draw Out Power    |       |       |       |     2 ||     2
       Sacrifice Words   |       |       |       |     1 ||     1
       Sacrifice Stealth |       |       |       |     1 ||     1
Evoke: Wand              |       |     2 |       |       ||     2
  Use: Potion            |       |     2 |     1 |     1 ||     4
       Scroll            |       |       |     4 |     5 ||     9
 Stab: Sleeping          |    13 |     6 |    23 |    13 ||    55
       Invisible         |       |       |     6 |     6 ||    12
       Distracted        |       |       |     4 |     7 ||    11
  Eat: Chunk             |     5 |     5 |    15 |    19 ||    44
       Meat ration       |       |       |     1 |       ||     1
